 Dungeon Crawl Stone Soup version 0.29-a0-617-g7a6b98fccd (webtiles) character file.

Game seed: 6777067703946764113

195 Kaemin the Slasher (level 5, -1/48 HPs)
             Began as a Minotaur Berserker on June 17, 2022.
             Was a Believer of Trog.
             Splashed by a jelly's acid (7 damage)
             ... on level 4 of the Dungeon.
             The game lasted 00:41:22 (4226 turns).

Kaemin the Slasher (Minotaur Berserker)             Turns: 4226, Time: 00:41:22

Health: -1/48      AC: -8    Str: 24    XL:     5   Next: 45%
Magic:  4/4        EV: 12    Int:  4    God:    Trog [**....]
Gold:   166        SH:  0    Dex:  9    Spells: 4/4 levels left

rFire   . . .      SeeInvis .   z - +0 great sword
rCold   . . .      Faith    .   (shield currently unavailable)
rNeg    . . .      Spirit   .   (no body armour)
rPois   .          Reflect  .   (helmet restricted)
rElec   .          Harm     .   (no cloak)
rCorr   .          Rampage  .   (no gloves)
Will    .....                   (no boots)
Stlth   +.........              (no amulet)
HPRegen 0.16/turn               (no ring)
MPRegen 0.09/turn               (no ring)

@: corroded
A: horns 2, retaliatory headbutt
a: Renounce Religion, Berserk, Trog's Hand


You were on level 4 of the Dungeon.
You worshipped Trog.
Trog was pleased with you.
You visited 1 branch of the dungeon, and saw 4 of its levels.

You collected 166 gold pieces.

Inventory:

Hand Weapons
 a - a +0 falchion {ghj;'}
 e - a +0 dagger
 f - a +0 whip
 h - a +0 club
 m - a +0 club
 o - a +0 dagger
 r - a +0 hunting sling
 v - a +0 whip
 w - the +5 short sword "Egganew" {vorpal, rF++ rC- Int+5}
   (You found it on level 3 of the Dungeon)

   It inflicts extra damage upon your enemies.
   Int:       It affects your intelligence (+5).
   rF:        It greatly protects you from fire.
   rC:        It makes you vulnerable to cold.
 x - a +0 flail
 z - a +0 great sword (weapon)
 E - the +8 rapier "Ajica" {spect, rPois rF- rCorr Str+4}
   (You found it on level 4 of the Dungeon)

   When its wielder attacks, the weapon's spirit leaps out and strikes again.
   The spirit shares a part of any damage it takes with its wielder.
   Str:       It affects your strength (+4).
   rF:        It makes you vulnerable to fire.
   rPois:     It protects you from poison.
   rCorr:     It protects you from acid and corrosion.
Missiles
 d - 252 stones
 g - 4 poisoned darts
 y - a boomerang of dispersal (quivered)
Armour
 b - a +0 animal skin
 c - a +0 leather armour
 i - a +0 buckler
 q - a +0 robe
 t - a +0 leather armour
 F - a +0 ring mail
Scrolls
 k - 2 scrolls of fog {unknown}
 l - 8 scrolls of identify {unknown}
 n - a scroll of summoning {unknown}
 p - 2 scrolls of immolation {unknown}
 s - a scroll of enchant weapon {unknown}
 u - a scroll of vulnerability {unknown}
 A - a scroll of fear {unknown}
 B - 2 scrolls of brand weapon {unknown}
 C - a scroll of poison {unknown}
Potions
 j - a potion of curing {unknown}
 D - a potion of cancellation


   Skills:
 + Level 5.1 Fighting
 + Level 5.3 Long Blades
 + Level 3.7 Armour
 + Level 2.8 Dodging
 + Level 0.6 Stealth


You had 4 spell levels left.
You didn't know any spells.
Your spell library contained the following spells:

 Spells                   Type           Power      Damage    Failure   Level
 Freeze                   Ice            0%         1d3       50%         1
 Magic Dart               Conj           0%         1d3       50%         1
 Searing Ray              Conj           0%         2d4       65%         2
 Confusing Touch          Hex            0%         N/A       86%         3
 Frozen Ramparts          Ice            0%         1d2       86%         3
 Fulminant Prism          Conj/Hex       0%         3d6       99%         4
 Hailstorm                Conj/Ice       0%         3d3       99%         4
 Summon Ice Beast         Ice/Summ       0%         N/A       99%         4
 Summon Mana Viper        Hex/Summ       0%         N/A       100%        5
 Yara's Violent Unravell  Hex/Tmut       0%         3d3       100%        5
 Enfeeble                 Hex            0%         N/A       100%        7
 Monstrous Menagerie      Summ           0%         N/A       100%        7


Dungeon Overview and Level Annotations

Branches:
Dungeon (4/15)
 Temple: D:4-7

Altars:

Shops:
D:2 !   D:3 (


Innate Abilities, Weirdness & Mutations

You have a pair of horns on your head.
You reflexively headbutt those who attack you in melee.


Message History

A giant cockroach comes into view.
Found a robe.
The giant cockroach bites you but does no damage.
You hit the giant cockroach.
Your headbutt misses the giant cockroach.
The giant cockroach is moderately wounded.
The giant cockroach bites you. x2
You slash the giant cockroach!
You kill the giant cockroach!
Trog accepts your kill.
Found 20 stones.
d - 252 stones (gained 20)
Found a ring mail.
You see here a +0 ring mail.
A jelly comes into view.
The jelly quivers.
A jelly is nearby!
A jelly is nearby!
You see here a +0 ring mail.
F - a +0 ring mail The jelly jiggles.
You start removing your armour.
You continue taking off your +0 leather armour. x3
The jelly hits you but does no damage.
You continue taking off your +0 leather armour.
The jelly hits you but does no damage.
You finish taking off your +0 leather armour.
You barely miss the jelly. The jelly hits you. The acid corrodes you!
You are splashed with acid!
You hit the jelly.
Your hands burn!
You headbutt the jelly.
The jelly is moderately wounded.
The jelly hits you. The acid corrodes you!
You are splashed with acid!
The jelly closely misses you. The jelly attacks as you move away!
The jelly hits you.
You are splashed with acid!
* * * LOW HITPOINT WARNING * * *
The jelly attacks as you move away! The jelly hits you.
* * * LOW HITPOINT WARNING * * *
You are splashed with acid!
You die...

##..## ##....#
##....## ##....##
###.....##
##........#
##......#..#
##.....[##.J#
##†....####.@#
##.....## #..#
###.....## ##.#
##.....###### #.#
#...........# ##.#
............# #..#
............###..##
...........###....#
.................##


You could see a jelly.

Vanquished Creatures
  A scorpion (D:3)
  An orc wizard (D:3)
  3 adders
  3 worms
  2 dart slugs (D:1)
  7 orcs (D:3)
  9 ball pythons
  7 endoplasms
  3 giant cockroaches
  5 goblins
  6 hobgoblins
  7 kobolds
  A quokka (D:1)
  3 bats
  3 frilled lizards
  3 rats (D:1)
64 creatures vanquished.

Notes
Turn   | Place    | Note
-------+----------+-------------------------------------------
     0 | D:1      | Kaemin the Minotaur Berserker began the quest for the Orb.
     0 | D:1      | Reached XP level 1. HP: 19/19 MP: 0/0
   207 | D:1      | Reached XP level 2. HP: 27/27 MP: 1/1
   763 | D:1      | Found a faded altar of an unknown god.
   900 | D:1      | Reached XP level 3. HP: 33/33 MP: 2/2
  1727 | D:2      | Reached ** piety under Trog
  1964 | D:2      | Found Casenozu's Distillery.
  2268 | D:2      | Reached XP level 4. HP: 32/39 MP: 3/3
  2643 | D:3      | Noticed a scorpion
  2650 | D:3      | Killed a scorpion
  2651 | D:3      | Reached skill level 5 in Long Blades
  2840 | D:3      | Found Ydura's Weapon Shoppe.
  2894 | D:3      | Identified the +5 short sword "Egganew" {vorpal, rF++ rC-
                  | Int+5}
  3286 | D:3      | Reached XP level 5. HP: 42/47 MP: 4/4
  3357 | D:3      | Reached skill level 5 in Fighting
  4045 | D:4      | Identified the +8 rapier "Ajica" {spect, rPois rF- rCorr
                  | Str+4}
  4226 | D:4      | Splashed by a jelly's acid

Illustrated notes

Levels and vault maps discovered:
D:1:      dpeg_arrival_tiny_j, layout_loops_cross,
          shapermc_ecumenical_altar_mp_vishouse
D:2:      layout_loops_ring, serial_shops, shop_statue
D:3:      layout_loops_corners, serial_shops, nicolae_square_shop,
          minmay_liquid_box, minmay_misc_feat_alley
D:4:      layout_cave_pods

Skill      XL: |  1  2  3  4  5 |
---------------+----------------+-----
Long Blades    | 4 5 |  5.3
Fighting       | 4 5 |  5.1
Armour         | 3 |  3.7
Dodging        | |  2.8
Stealth        | |  0.6

Action                   |  1- 3 |  4- 6 || total
-------------------------+-------+-------++-------
Melee: Falchion          |   102 |    59 ||   161
       Headbutt          |     9 |     9 ||    18
       Great sword       |       |     9 ||     9
  Use: Potion            |     2 |     1 ||     3
       Scroll            |     1 |       ||     1
 Stab: Invisible         |       |     2 ||     2
Armor: Leather armour    |    31 |    13 ||    44
Dodge: Dodged            |    55 |    33 ||    88
Block: Buckler           |       |     1 ||     1

Table legend: (Time is in decaauts)
 A = Elapsed time spent in this place.
 B = Non-inter-level travel time spent in this place.
 C = Inter-level travel time spent in this place.
 D = Time resting spent in this place.
 E = Time spent auto-exploring this place.
 F = Levels seen in this place.
 G = Mean time per level.
                   A        B        C        D        E       F      G
               +--------+--------+--------+--------+--------+-----+--------+
         Total |   4244 |   2047 |   2197 |    208 |    849 |   4 | 1061.0 |
       Dungeon |   4244 |   2047 |   2197 |    208 |    849 |   4 | 1061.0 |
               +--------+--------+--------+--------+--------+-----+--------+

Top non-repeatable levels by time:
     D:1: 1430 daAuts
     D:2: 1178 daAuts
     D:3: 1032 daAuts
     D:4: 602 daAuts
